 Dungeon Crawl Stone Soup version 0.28-a0-863-g8cecda6153 (webtiles) character file.

Game seed: 12356439386055761367

689 blank1 the Skirmisher (level 7, -8/46 HPs)
             Began as a Gargoyle Fighter on Nov 18, 2021.
             Mangled by Duvessa (11 damage)
             ... on level 4 of the Dungeon.
             The game lasted 00:08:19 (4843 turns).

blank1 the Skirmisher (Gargoyle Fighter)            Turns: 4843, Time: 00:08:20

Health: -8/46      AC: 22    Str: 21    XL:     7   Next: 63%
Magic:  7/7        EV:  8    Int:  8    God:
Gold:   107        SH:  9    Dex: 10    Spells: 6/6 levels left

rFire   . . .      SeeInvis .   a - +0 flail
rCold   . . .      Faith    .   c - +0 buckler
rNeg    + . .      Spirit   .   f - +0 chain mail
rPois   ∞          Reflect  +   (no helmet)
rElec   +          Harm     .   (no cloak)
rCorr   .          Rampage  .   (no gloves)
Will    .....                   (no boots)
Stlth   ..........              r - amulet of reflection
HPRegen 0.15/turn               b - +4 ring of protection
MPRegen 0.10/turn               o - +4 ring of protection

@: weak-willed
A: sickness immunity, AC +4, negative energy resistance 1, electricity
resistance, torment resistance 1, petrification resistance
a: no special abilities


You were on level 4 of the Dungeon.
You visited 2 branches of the dungeon, and saw 5 of its levels.

You collected 107 gold pieces.

Inventory:

Hand Weapons
 a - a +0 flail (weapon)
Armour
 c - a +0 buckler (worn)
 f - a +0 chain mail (worn)
Jewellery
 b - a +4 ring of protection (left hand)
 o - a +4 ring of protection (right hand)
 r - an amulet of reflection (around neck)
Wands
 m - a wand of flame (35)
Scrolls
 d - a scroll of immolation
 g - a scroll of teleportation {unknown}
 h - a scroll of amnesia {unknown}
 j - 2 scrolls of summoning {unknown}
 k - 2 scrolls of magic mapping
 n - a scroll of silence {unknown}
Potions
 e - a potion of invisibility {unknown}
 i - 2 potions of brilliance
 l - a potion of magic
 q - a potion of haste {unknown}
 s - a potion of flight {unknown}


   Skills:
 - Level 6.0 Fighting
 + Level 5.6 Maces & Flails
 - Level 4.0 Armour
 - Level 2.0 Dodging
 - Level 4.0 Shields


You had 6 spell levels left.
You didn't know any spells.
Your spell library contained the following spells:

 Spells                   Type           Power      Damage    Failure   Level
 Summon Guardian Golem    Hex/Summ       0%         N/A       100%        3
 Orb of Destruction       Conj           0%         N/A       100%        7
 Spellforged Servitor     Conj/Summ      0%         N/A       100%        7


Dungeon Overview and Level Annotations

Branches:
Dungeon (4/15)             Temple (1/1) D:4

Altars:
Ashenzari
Cheibriados
Dithmenos
Elyvilon
Fedhas
Gozag
Hepliaklqana
Makhleb
Qazlal
Sif Muna
Trog
Uskayaw
Wu Jian
Xom
Yredelemnul
Zin

Annotations:
D:4 Duvessa


Innate Abilities, Weirdness & Mutations

You are immune to sickness and miasma.
Your stone body is resilient. (AC +4)
You are immune to poison.
You resist negative energy. (rN+)
You are resistant to electric shocks. (rElec)
You are resistant to unholy torment.
You are immune to petrification.


Message History

Duvessa is lightly wounded.
You are no longer glowing.
Duvessa hits you with a +0 short sword!
* * * LOW HITPOINT WARNING * * *
The goblin closely misses you.
You are too injured to fight recklessly!
You sock Duvessa!
Duvessa is moderately wounded.
You block Duvessa's attack. The goblin hits you but does no damage.
You block Duvessa's attack.
Okay, then.
You hit Duvessa but do no damage.
Duvessa is moderately wounded.
Duvessa hits you but does no damage. The goblin barely misses you.
Duvessa hits you but does no damage.
You hit Duvessa.
Duvessa is moderately wounded.
You block Duvessa's attack. The goblin hits you but does no damage.
Duvessa hits you but does no damage.
You thump Duvessa!
Duvessa is moderately wounded.
The goblin barely misses you. Duvessa hits you but does no damage.
You sock Duvessa!
Duvessa is heavily wounded.
You block Duvessa's attack. The goblin hits you but does no damage.
Duvessa hits you with a +0 short sword.
* * * LOW HITPOINT WARNING * * *
The goblin hits you but does no damage.
You barely miss Duvessa.
Duvessa is heavily wounded.
Duvessa hits you but does no damage. The goblin hits you but does no damage.
You closely miss Duvessa.
Duvessa is heavily wounded.
Duvessa hits you but does no damage. x2; The goblin hits you with a +0 club.
* * * LOW HITPOINT WARNING * * *
You closely miss Duvessa.
Duvessa is heavily wounded.
You block Duvessa's attack. You block the goblin's attack.
Duvessa hits you with a +0 short sword!
You die...

*,* **,*#######.....#.###.######
**,***,,,..............# #.......
,,,,,,,,*#######.....### #..#####
*******,* #..#### #..# *,*
#####..##### #..# *,*
#..........#* #..# *******,*
##.###..##.#.#*#..#****
,,,,,,,,**#...##....##*,,....,,,,
*******,,,,,#...@.##.#,**#..#****
****#...##eg#**.#* *,,*
##.**#..#**,# *,,* #,* #$..**,*
*,,* *,* #.#.#*,* *,,* *,*
#.#.#*,****,,* *,* #....,,,,,,,,*
*,**######,******* *,,,,,,,,,,*


You could see Duvessa (berserk) and a goblin.

Vanquished Creatures
  The ghost of pigah the Shield-Bearer, an amateur OpWn of the Shining One (D:3)
  The ghost of Sabo the Shield-Bearer, an amateur FoFi of Xom (D:3)
  A centaur (D:4)
  Dowan (D:4)
  2 orc priests (D:4)
  An iguana (D:4)
  3 orc wizards (D:4)
  6 adders
  2 dart slugs
  5 orcs
  7 endoplasms
  3 giant cockroaches
  16 goblins
  7 hobgoblins
  A jackal (D:1)
  5 kobolds
  3 quokkas
  3 ball pythons
  7 bats
  2 frilled lizards (D:1)
  5 rats
82 creatures vanquished.

Vanquished Creatures (others)
  A ball python (D:4)
  6 withered plants (D:3)
7 creatures vanquished.

Grand Total: 89 creatures vanquished

Notes
Turn   | Place    | Note
-------+----------+-------------------------------------------
     0 | D:1      | blank1 the Gargoyle Fighter began the quest for the Orb.
     0 | D:1      | Reached XP level 1. HP: 14/14 MP: 1/1
   206 | D:1      | Reached XP level 2. HP: 14/19 MP: 2/2
   812 | D:1      | Reached XP level 3. HP: 17/23 MP: 3/3
  1398 | D:2      | Reached skill level 1 in Dodging
  1739 | D:2      | Reached XP level 4. HP: 14/29 MP: 4/4
  2210 | D:2      | Reached skill level 4 in Fighting
  2306 | D:2      | Found a faded altar of an unknown god.
  3138 | D:3      | Found a runed translucent gate.
  3177 | D:3      | Reached XP level 5. HP: 33/33 MP: 5/5
  3478 | D:3      | Found a runed translucent gate.
  3484 | D:3      | Found a runed translucent gate.
  3485 | D:3      | Noticed pigah's ghost (amateur OpWn)
  3485 | D:3      | Noticed Sabo's ghost (amateur FoFi)
  3713 | D:3      | Killed pigah's ghost
  3714 | D:3      | Reached XP level 6. HP: 32/40 MP: 6/6
  3722 | D:3      | Killed Sabo's ghost
  3723 | D:3      | Reached skill level 5 in Fighting
  3952 | D:4      | Found a glowing silver altar of Zin.
  3977 | D:4      | Found a staircase to the Ecumenical Temple.
  3983 | Temple   | Entered the Ecumenical Temple
  4227 | D:4      | Reached skill level 6 in Fighting
  4227 | D:4      | Reached XP level 7. HP: 23/46 MP: 7/7
  4441 | D:4      | Found a basalt altar of Yredelemnul.
  4575 | D:4      | Reached skill level 5 in Maces & Flails
  4634 | D:4      | Found a shimmering altar of Xom.
  4682 | D:4      | Found a white marble altar of Elyvilon.
  4781 | D:4      | Noticed Dowan
  4781 | D:4      | Noticed Duvessa
  4809 | D:4      | Killed Dowan
  4843 | D:4      | Mangled by Duvessa

Illustrated notes

Levels and vault maps discovered:
D:1:      dpeg_arrival_morbid_curiosity, layout_basic, minmay_parallelograms,
          minmay_pentomino_o2
D:2:      layout_basic, chequers_ecumenical_altar_simple
D:3:      layout_loops_cross, gammafunk_ghost_cemetery, serial_bayou_pond_d
D:4:      layout_loops_ring, kennysheep_little_box, elyvilon_altar_4,
          overflow_temple_1_default, mainiacjoe_overflow_small_starburst,
          minmay_temple_entry_hall, serial_shops, nicolae_shop_hallway_stairs,
          uniq_duvessa
Temple:   hc_temple_tempest_star

Skill      XL: |  1  2  3  4  5  6  7 |
---------------+----------------------+-----
Dodging        | 1 2 |  2.0
Shields        | 4 |  4.0
Fighting       | 4 6 |  6.0
Armour         | 4 |  4.0
Maces & Flails | 3 4 5 |  5.6

Action                   |  1- 3 |  4- 6 |  7- 9 || total
-------------------------+-------+-------+-------++-------
Melee: Flail             |   119 |   182 |    49 ||   350
  Use: Scroll            |       |     4 |     1 ||     5
       Potion            |       |     1 |       ||     1
 Stab: Distracted        |       |     1 |       ||     1
Armor: Scale mail        |    34 |       |       ||    34
       Chain mail        |    40 |   158 |    41 ||   239
Dodge: Dodged            |    57 |    65 |    13 ||   135
Block: Buckler           |    23 |    37 |    24 ||    84
       Reflection        |       |       |     3 ||     3

Table legend: (Time is in decaauts)
 A = Elapsed time spent in this place.
 B = Non-inter-level travel time spent in this place.
 C = Inter-level travel time spent in this place.
 D = Time resting spent in this place.
 E = Time spent auto-exploring this place.
 F = Levels seen in this place.
 G = Mean time per level.
                   A        B        C        D        E       F      G
               +--------+--------+--------+--------+--------+-----+--------+
         Total |   4930 |   4778 |    152 |    435 |   3442 |   5 |  986.0 |
       Dungeon |   4729 |   4590 |    139 |    435 |   3264 |   4 | 1182.2 |
        Temple |    200 |    187 |     13 |      0 |    178 |   1 |  200.0 |
               +--------+--------+--------+--------+--------+-----+--------+

Top non-repeatable levels by time:
     D:2: 1659 daAuts
     D:1: 1418 daAuts
     D:3: 899 daAuts
     D:4: 751 daAuts
  Temple: 200 daAuts
